 Dungeon Crawl Stone Soup version 0.30-a0-613-gdd512c7efb (webtiles) character file.

Game seed: 16591886211747357040

27 oldriver the Sneak (level 3, 0/27 HPs)
             Began as a Formicid Wanderer on Jan 8, 2023.
             Was a Follower of Nemelex Xobeh.
             Slain by an adder (3 damage)
             ... on level 2 of the Dungeon.
             The game lasted 00:02:41 (1503 turns).

oldriver the Sneak (Formicid Wanderer)              Turns: 1503, Time: 00:02:42

Health: 0/27       AC:  2    Str: 16    XL:     3   Next: 25%
Magic:  6/6        EV: 11    Int: 14    God:    Nemelex Xobeh [*.....]
Gold:   102        SH:  0    Dex: 12    Spells: 5/6 levels left

rFire   . . .      SeeInvis +    m - +0 dagger
rCold   . . .      Faith    .    (no shield)
rNeg    . . .      Spirit   .    d - +0 robe
rPois   .          Reflect  .    (helmet unavailable)
rElec   .          Harm     .    (no cloak)
rCorr   .          Rampage  .    (no gloves)
Will    .....                    (no boots)
Stlth   ++                       (no amulet)
HPRegen 0.24/turn                (no ring)
MPRegen 0.10/turn                (no ring)

@: lethally poisoned (0 -> -6)
A: permanent stasis, dig shafts and tunnels, antennae 3, four strong arms
a: Dig, Shaft Self, Renounce Religion, Draw Escape, Draw Destruction, Draw
Summoning


You were on level 2 of the Dungeon.
You worshipped Nemelex Xobeh.
Nemelex Xobeh was aware of your devotion.
You visited 1 branch of the dungeon, and saw 2 of its levels.

You collected 102 gold pieces.

Inventory:

Hand Weapons
 m - a +0 dagger (weapon)
Armour
 d - a +0 robe (worn)
Wands
 o - a wand of roots (8)
Scrolls
 c - a scroll of fog
 f - 2 scrolls of identify {unknown}
 h - 3 scrolls of teleportation {unknown}
 j - 3 scrolls of immolation {unknown}
 k - 2 scrolls of fear {unknown}
 l - a scroll of magic mapping {unknown}
 n - a scroll of blinking {unknown}
Potions
 a - a potion of magic {unknown}
 e - 2 potions of invisibility
 g - 2 potions of curing {unknown}
 i - a potion of lignification {unknown}
 p - a potion of degeneration {unknown}
Miscellaneous
 b - a piece from Xom's chessboard (15/15)


   Skills:
 + Level 2.0 Fighting
 * Level 3.2 Stealth
 - Level 3.0 Unarmed Combat
 - Level 2.1 Spellcasting
 - Level 1.2 Hexes
 + Level 1.2 Invocations
 - Level 1.1 Evocations


You had 5 spell levels left.
You knew the following spells:

 Your Spells              Type           Power      Damage    Failure   Level
a - Slow                  Hex            16%        N/A       14%         1

Your spell library contained the following spells:

 Spells                   Type           Power      Damage    Failure   Level
 Tukima's Dance           Hex            4%         N/A       38%         3
 Dazzling Flash           Conj/Hex       6%         N/A       50%         3
 Cause Fear               Hex            2%         N/A       80%         4
 Sticky Flame             Conj/Fire      1%         2d3       93%         4
 Enfeeble                 Hex            2%         N/A       100%        7


Dungeon Overview and Level Annotations

Branches:
Dungeon (2/15)

Altars:
Nemelex Xobeh


Innate Abilities, Weirdness & Mutations

You cannot be hasted, slowed, berserked, paralysed or teleported.
You can dig through walls and to a lower floor.
You have a pair of large antennae on your head. (SInv)
Your four strong arms can wield two-handed weapons with a shield.


Message History

You are poisoned.
The adder poisons you! The adder bites you.
You hit the adder.
The adder is moderately wounded.
You feel sick. The adder bites you.
You closely miss the adder.
The adder is moderately wounded.
You feel sick. The adder barely misses you.
You hit the adder.
The adder is heavily wounded.
You feel sick. The adder completely misses you. The adder barely misses you.
You hit the adder.
The adder is severely wounded.
You feel sick. The adder bites you.
You are more poisoned.
The adder poisons you!
You hit the adder but do no damage.
The adder is severely wounded.
You feel sick. The adder bites you.
You hit the adder.
The adder is almost dead.
You feel sick. The adder closely misses you. The adder bites you.
* * * LOW HITPOINT WARNING * * *
You are lethally poisoned!
The adder poisons you!
You miss the adder.
The adder is almost dead.
* * * LOW HITPOINT WARNING * * *
You feel sick. The adder bites you.
* * * LOW HITPOINT WARNING * * *
Okay, then.
You draw a card...
You have drawn Vitriol.
Press: ? - help, Shift-Dir - straight line, f - adder
Aim: an adder (almost dead)
The glob of acid misses the adder.
* * * LOW HITPOINT WARNING * * *
You feel sick. The adder bites you.
You die...
Your body disappears without a glow.

###### .# #..... {
...+ #..... ..#
#..... ..# #.....
{..# ### #..... #.#
..# ######
#.######.######.###
#....†.@...........
########S####...#
#........# {
##.....#.#
#.#.....# #.#..†..#
#.###...# #.......#
{ #####...#


You could see an adder.

Vanquished Creatures
  A dart slug (D:1)
  2 endoplasms
  2 goblins (D:1)
  A hobgoblin (D:1)
  3 kobolds (D:1)
  A quokka (D:1)
  2 ball pythons
  5 bats
  3 frilled lizards (D:1)
  4 rats
24 creatures vanquished.

Notes
Turn   | Place    | Note
-------+----------+-------------------------------------------
     0 | D:1      | oldriver the Formicid Wanderer began the quest for the Orb.
     0 | D:1      | oldriver set off with the following items: a +0 club, a
                  | piece from Xom's chessboard (15/15), a scroll of fog, a +0
                  | robe, 2 potions of invisibility; and the following spell
                  | memorised: Slow; and the following spells available to
                  | memorise: Dazzling Flash.
     0 | D:1      | Reached XP level 1. HP: 15/15 MP: 3/3
   280 | D:1      | Reached XP level 2. HP: 20/21 MP: 5/5
   630 | D:1      | Got the Opusculum on Red Doom
   774 | D:1      | Reached XP level 3. HP: 11/27 MP: 6/6
   994 | D:1      | Found a faded altar of an unknown god.
  1001 | D:1      | Prayed at the altar of an unknown god.
  1001 | D:1      | Became a worshipper of Nemelex Xobeh the Trickster
  1001 | D:1      | Reached * piety under Nemelex Xobeh
  1001 | D:1      | Received a gift from Nemelex Xobeh
  1503 | D:2      | Slain by an adder

Illustrated notes

Levels and vault maps discovered:
D:1:      dpeg_arrival_simpleton_b, layout_loops_cross,
          shapermc_ecumenical_altar_mp_vishouse, serial_bayou_pond_e
D:2:      layout_basic, serial_shops, shop

Skill      XL: |  1  2  3 |
---------------+----------+-----
Stealth        | 2 3 |  3.2
Fighting       | 2 |  2.0
Unarmed Combat | |  3.0
Spellcasting   | |  2.1
Hexes          | |  1.2
Invocations    | |  1.2
Evocations     | |  1.1

Action                   || total
-------------------------++-------
Melee: Unarmed           ||    58
       Dagger            ||    67
       Punch             ||     2
Invok: Draw Destruction  ||     1
 Stab: Sleeping          ||     5
Armor: Robe              ||    22
Dodge: Dodged            ||    69

Table legend: (Time is in decaauts)
 A = Elapsed time spent in this place.
 B = Non-inter-level travel time spent in this place.
 C = Inter-level travel time spent in this place.
 D = Time resting spent in this place.
 E = Time spent auto-exploring this place.
 F = Levels seen in this place.
 G = Mean time per level.
                   A        B        C        D        E       F      G
               +--------+--------+--------+--------+--------+-----+--------+
         Total |   1501 |   1458 |     43 |    207 |    915 |   2 |  750.5 |
       Dungeon |   1501 |   1458 |     43 |    207 |    915 |   2 |  750.5 |
               +--------+--------+--------+--------+--------+-----+--------+

Top non-repeatable levels by time:
     D:1: 1092 daAuts
     D:2: 409 daAuts
